AoeStats
← Artemiska

Golden Pit

509750698Analyzed
1v1 RM · 3d ago on Sep 27, 2026· 60m 7s· 2 players
Game mode
Random Map
Map size
Tiny (2 player)
Population
200
Speed
Normal
Resources
Standard
Victory
Conquest
Starting age
Dark Age
Ending age
Imperial Age
RankedLock teamsTeams togetherTeam positionsShared explorationLock speedFull tech treeHidden civsTurbo modeCheats
Victory
Defeat
🇨🇿 Varangians · Czechia
880
+17
🇪🇸 Saxons · Spain
892
-17
Artemiska
5:08 Loom
10:39 Feudal Age
14:20 Bloodlines
19:41 Wheelbarrow
24:35 Castle Age
23:27 Horse Collar
25:30 Double-Bit Axe
29:34 Light Cavalry
32:23 Forging
35:18 Iron Casting
36:59 Scale Barding Armor
39:48 Heavy Plow
40:54 Town Watch
41:43 Gold Mining
41:44 Stone Mining
43:14 Chain Barding Armor
42:45 Fletching
46:24 Bow Saw
49:05 Imperial Age
47:17 Fervor
47:30 Hand Cart
50:27 Squires
50:13 Arson
49:50 Elite Varangian Guard
50:08 Onager
52:10 Ballistics
52:51 Chemistry
52:00 Siege Engineers
52:07 Masonry
52:10 Fortified Wall
52:43 Conscription
51:44 Gothikon
53:40 Vendel Legacy
53:44 Elite Jarl
58:36 Town Patrol
Lucas Grijander
7:08 Loom
10:59 Feudal Age
12:38 Wheelbarrow
11:26 Man-at-Arms
12:57 Arson
27:39 Castle Age
27:46 Gold Mining
27:53 Fletching
27:51 Horse Collar
28:59 Double-Bit Axe
30:36 Pikeman
31:17 Squires
37:48 Bow Saw
38:39 Scale Mail Armor
38:50 Forging
43:22 Imperial Age
41:54 Gold Shaft Mining
42:08 Hand Cart
41:40 Town Watch
44:54 Shield Wall
46:59 Elite Varangian Guard
48:32 Chain Mail Armor
48:52 Iron Casting
49:50 Halberdier
51:04 Plate Mail Armor
50:30 Bodkin Arrow
Connection lost

Rejoining the realm…

Still unreachable

The connection could not be restored.

Session expired

The server has moved on; the page needs a fresh start.